 Dungeon Sprint DCSS version 0.32-a0-411-g744942f433 (webtiles) character file.

Game seed: 2648296155144963210

68 shadowstone the Trooper (level 4, 0/39 HPs)
             Began as a Coglin Fighter on Feb 20, 2024.
             Incinerated by a bombardier beetle (6 damage)
             ... with a burning spray
             ... in the Dungeon (Sprint IX: "|||||||||||||||||||||||||||||").
             The game lasted 00:00:26 (38 turns).

shadowstone the Trooper (Coglin Fighter)              Turns: 38, Time: 00:00:27

Health: 0/39       AC:  7    Str: 18    XL:     4   Next: 19%
Magic:  4/4        EV:  9    Int:  8    God:
Gold:   0          SH:  5    Dex: 13    Spells: 3/3 levels left

rFire   . . .        a - +0 war axe {Caihong}
rCold   . . .        c - +0 buckler
rNeg    . . .        b - +0 scale mail
rPois   .            (no helmet)
rElec   .            (no cloak)
rCorr   .            (no gloves)
SInv    .            (no boots)
Will    .....        (no amulet) Stlth
                     (no ring)
HPRegen 0.26/turn    (no ring)
MPRegen 0.09/turn

%: no teleportation
@: on fire, immotile, glowing, revved
A: off-hand wielding, slow wielding, warmup strikes, legs shutdown
a: no special abilities


You were in the Dungeon.
You visited 1 branch

Inventory:

Hand Weapons
 a - a +0 war axe (weapon) {Caihong}
Armour
 b - a +0 scale mail (worn)
 c - a +0 buckler (worn)
Scrolls
 j - a scroll of blinking
Potions
 d - a potion of might
 e - a potion of curing
 g - a potion of haste
 h - 2 potions of magic
 i - a potion of berserk rage


   Skills:
 + Level 5.1 Fighting
 + Level 4.0 Axes
 + Level 4.5 Armour
 + Level 0.3 Dodging
 + Level 3.5 Shields


You had 3 spell levels left.
You didn't know any spells.
Your spell library was empty.

Dungeon Overview and Level Annotations

Branches:
Dungeon (1/1)

Altars:


Innate Abilities, Weirdness & Mutations

You can wield a second weapon in your off-hand.
It takes a long time for you to wield or remove held weapons.
Your first few attacks do less damage.
Attacking and casting redirects power from your legs.


Message History

The bombardier beetle is lightly wounded.
The bombardier beetle sprays incendiary fluid at you.
The burning spray hits you.
You are covered in liquid fire!
You hit the bombardier beetle.
The bombardier beetle is lightly wounded.
The liquid fire burns you!
* * * LOW HITPOINT WARNING * * *
You feel much better. The liquid fire burns you!
You are no longer unable to travel.
The bombardier beetle bites you but does no damage.
You slash the bombardier beetle!
The bombardier beetle is severely wounded.
The liquid fire burns you!
The bombardier beetle sprays incendiary fluid at you.
The burning spray hits you.
You are even more covered in liquid fire!
You slash the bombardier beetle!
You kill the bombardier beetle!
The liquid fire burns you! The hound bites you.
Your Fighting skill increases to level 5!
Your Axes skill increases to level 4!
You have reached level 4!
You feel clever.
You slash the hound!
The hound is heavily wounded.
The liquid fire burns you! The hound bites you but does no damage.
The hound bites you.
* * * LOW HITPOINT WARNING * * *
You hit the hound.
The hound is almost dead.
The liquid fire burns you!
* * * LOW HITPOINT WARNING * * *
The hound bites you but does no damage. You block the hound's attack.
You miss the hound.
The hound is almost dead.
The liquid fire burns you!
You die...

▓+▓
▓.▓
▓.▓
▓.▓
▓o▓
▓S▓
▓h▓
▓@▓
▓.▓
▓.▓
▓.▓
▓.▓
▓)▓
▓.▓
▓.▓
▓.▓


You could see a water moccasin, a hound and an orc.

Vanquished Creatures
  A bombardier beetle (D)
  An iguana (D)
  A giant cockroach (D)
  A goblin (D)
  A hobgoblin (D)
  A ball python (D)
  A kobold (D)
7 creatures vanquished.

Notes
Turn   | Place    | Note
-------+----------+-------------------------------------------
     0 | D        | shadowstone the Coglin Fighter began the quest for the Orb.
     0 | D        | Reached XP level 1. HP: 18/18 MP: 1/1
    15 | D        | Reached XP level 2. HP: 21/24 MP: 2/2
    23 | D        | Noticed a water moccasin
    23 | D        | Noticed a bombardier beetle
    30 | D        | Reached skill level 4 in Fighting
    30 | D        | Reached XP level 3. HP: 8/31 MP: 3/3
    36 | D        | Reached skill level 5 in Fighting
    36 | D        | Reached XP level 4. HP: 18/39 MP: 4/4
    38 | D        | Incinerated by a bombardier beetle

Illustrated notes

Levels and vault maps discovered:
D:        linesprint [early_d, line_temple, items_1, d_10, items_2, lair_1,
          lair_end, items_3, orc_1, orc_end, items_4, d_15, swamp_1, shoals_1,
          snake_1, spider_1, d_20, vaults_1, items_5, swamp_end, shoals_end,
          snake_end, spider_end, vaults_end, d_27, items_6, zot_1, zot_end,
          crypt_end, forest_end, elf_end, slime_end, tomb_end, abyss_end,
          pan_hell_end]

Skill      XL: |  1  2  3 |
---------------+----------+-----
Armour         | 3 4 |  4.5
Fighting       | 4 5 |  5.1
Axes           | 3 4 |  4.0
Shields        | 3 |  3.5
Dodging        | |  0.3

Action                     |  1- 3 |  4- 6 || total
---------------------------+-------+-------++-------
  Melee: War axe           |    21 |     3 ||    24
    Use: Potion            |     1 |       ||     1
 Armour: Scale mail        |    13 |     3 ||    16
  Dodge: Dodged            |     3 |       ||     3
  Block: Buckler           |     4 |     1 ||     5

Table legend: (Time is in decaauts)
 A = Elapsed time spent in this place.
 B = Non-inter-level travel time spent in this place.
 C = Inter-level travel time spent in this place.
 D = Time resting spent in this place.
 E = Time spent auto-exploring this place.
 F = Levels seen in this place.
 G = Mean time per level.
                   A        B        C        D        E       F      G
               +--------+--------+--------+--------+--------+-----+--------+
         Total |     47 |     47 |      0 |      0 |      0 |   1 |   47.0 |
       Dungeon |     47 |     47 |      0 |      0 |      0 |   1 |   47.0 |
               +--------+--------+--------+--------+--------+-----+--------+

Top non-repeatable levels by time:
       D: 47 daAuts
